 Dungeon Crawl Stone Soup version 0.31.0-32-g396128a36d (webtiles) character file.

Game seed: 1812189438183853962

25585 PaiMei the Dealer of Despair (level 12, -5/100 HPs)
             Began as a Demonspawn Necromancer on Apr 10, 2024.
             Was an Elder of Kikubaaqudgha.
             Slain by a death yak (31 damage)
             ... on level 3 of the Lair of Beasts.
             The game lasted 00:39:51 (26677 turns).

PaiMei the Dealer of Despair (DsNe)                Turns: 26677, Time: 00:39:52

Health: -5/100     AC: 11    Str:  8    XL:     12   Next: 90%
Magic:  6/26       EV: 21    Int: 25    God:    Kikubaaqudgha [****..]
Gold:   894        SH:  0    Dex: 12    Spells: 9/31 levels left

rFire   . . .        J - +3 trident (flame)
rCold   . . .        (no shield)
rNeg    . . .        W - +0 troll leather armour
rPois   .            s - +0 helmet
rElec   +            N - +1 cloak
rCorr   .            p - +0 pair of gloves
SInv    .            (boots unavailable)
Will    .....        (no amulet)
Stlth   ++           w - +5 ring of evasion
HPRegen 1.16/turn    n - +4 ring of protection
MPRegen 0.20/turn

%: no passive effects
@: no status effects
A: hooves 3, demonic guardian 2, sturdy frame 1, clever 1, electricity
resistance
a: Renounce Religion, Unearth Wretches


You were on level 3 of the Lair of Beasts.
You worshipped Kikubaaqudgha.
Kikubaaqudgha was greatly pleased with you.
You visited 2 branches of the dungeon, and saw 13 of its levels.

You collected 894 gold pieces.

Inventory:

Hand Weapons
 a - a +4 trident of draining
 y - a +2 mace of venom
 A - a +2 flail of protection
 D - the +3 short sword of Solemn Judgement {vamp, Dex+3}
   (You found it on level 5 of the Dungeon)

   Dex+3:     It affects your dexterity (+3).
 J - a +3 trident of flaming (weapon)
 K - a +5 spear of freezing
 S - a +2 short sword of electrocution
Missiles
 V - 16 poisoned darts (quivered)
Armour
 p - a +0 pair of gloves (worn)
 s - a +0 helmet (worn)
 B - an orb of mayhem
 M - a +2 robe of cold resistance
 N - a +1 cloak (worn)
 W - a +0 troll leather armour (worn)
Jewellery
 j - a ring of poison resistance
 m - a ring of willpower
 n - a +4 ring of protection (right hand)
 w - a +5 ring of evasion (left hand)
 F - a +4 ring of protection
 G - a ring of positive energy
 I - a ring of ice
Wands
 o - a wand of mindburst (15)
 t - a wand of light (16)
 x - a wand of charming (12)
 E - a wand of flame (25)
 H - a wand of roots (13)
 U - a wand of polymorph (5)
Scrolls
 d - 2 scrolls of immolation {unknown}
 e - 7 scrolls of teleportation
 f - 4 scrolls of vulnerability {unknown}
 g - 3 scrolls of revelation {unknown}
 h - 2 scrolls of fear {unknown}
 i - 3 scrolls of fog {unknown}
 k - 5 scrolls of identify {unknown}
 q - 3 scrolls of enchant armour {unknown}
 u - 2 scrolls of noise {unknown}
 z - a scroll of butterflies {unknown}
 C - a scroll of poison {unknown}
 P - a scroll of torment {unknown}
 Q - 3 scrolls of amnesia {unknown}
 R - 3 scrolls of acquirement {unknown}
 T - 2 scrolls of enchant weapon {unknown}
 Y - 2 scrolls of silence {unknown}
Potions
 b - a potion of magic
 c - 6 potions of curing
 l - 2 potions of enlightenment {unknown}
 r - 2 potions of might {unknown}
 v - 3 potions of berserk rage {unknown}
 O - 2 potions of invisibility {unknown}
 X - 3 potions of brilliance
 Z - a potion of resistance {unknown}
Miscellaneous
 L - a phantom mirror


   Skills:
 + Level 11.1 Fighting
 + Level 10.4 Dodging
 - Level 2.0 Stealth
 + Level 10.4 Spellcasting
 + Level 12.8 Necromancy


You had 9 spell levels left.
You knew the following spells:

 Your Spells              Type           Power      Damage    Failure   Level
a - Necrotise             Necr           100%       1d9       1%          1
b - Vampiric Draining     Necr           67%        2d10      1%          3
c - Animate Dead          Necr           67%        N/A       1%          4
d - Curse of Agony        Necr           67%        N/A       1%          5
e - Borgnjor's Vile Clut  Necr/Erth      22%        N/A       10%         5
f - Martyr's Knell        Necr/Summ      45%        N/A       3%          4

Your spell library contained the following spells:

 Spells                   Type           Power      Damage    Failure   Level
 Cigotuvi's Dreadful Rot  Necr/Alch/Air  68%        N/A       1%          2
 Fugue of the Fallen      Necr           67%        N/A       1%          3
 Sting                    Conj/Alch      52%        1d6       4%          1
 Death Channel            Necr           33%        N/A       4%          6
 Lesser Beckoning         Tloc           26%        N/A       8%          2
 Mercury Vapours          Alch/Air       26%        N/A       8%          2
 Scorch                   Fire           26%        2d6       8%          2
 Dazzling Flash           Conj/Hex       26%        N/A       16%         3
 Gell's Gravitas          Tloc           13%        N/A       16%         3
 Teleport Other           Tloc           13%        N/A       16%         3
 Volatile Blastmotes      Fire/Tloc      26%        2d12      16%         3
 Flame Wave               Conj/Fire      13%        2d6       45%         4
 Ignite Poison            Fire/Alch      13%        N/A       45%         4
 Olgreb's Toxic Radiance  Alch           13%        N/A       45%         4
 Sticky Flame             Fire/Alch      13%        2d5       45%         4
 Starburst                Conj/Fire      6%         6d4       100%        6
 Summon Cactus Giant      Summ           6%         N/A       100%        6
 Malign Gateway           Summ/Tloc      6%         N/A       100%        7
 Ignition                 Fire           6%         3d4       100%        8
 Maxwell's Capacitive Co  Air            6%         ∞         100%        8
 Summon Horrible Things   Summ           6%         N/A       100%        8


Dungeon Overview and Level Annotations

Branches:
Dungeon (10/15)            Temple (0/1) D:7            Lair (3/5) D:10
  Snake (0/4) Lair:3          Orc (0/2) D:9
  Swamp: Lair:2-3    Shoals: Lair:2-3

Altars:
Cheibriados
Dithmenos
Fedhas
Hepliaklqana
Kikubaaqudgha
Makhleb
Nemelex Xobeh
Okawaru
Uskayaw
Yredelemnul

Shops:
D:7 (

Annotations:
D:6 2 runed translucent doors, Crazy Yiuf; TerraPolaris's ghost, amateur TrFi
D:9 3 transporters
Lair:1 1 runed translucent door, newgorp's ghost, journeyman HuHW


Innate Abilities, Weirdness & Mutations

You have hooves in place of feet.
A demonic guardian rushes to your aid.
Your movements are slightly less encumbered by armour. (ER -2)
Your mind is acute. (Int +4, Str/Dex -1)
You are resistant to electric shocks. (rElec)


Message History

Casting: Vampiric Draining (safe; 1% risk of failure)
Confirm with . or Enter, or press ? or * to list all spells.
Aiming: Vampiric Draining (safe; 1% risk of failure)
Press: ? - help, Shift-Dir - straight line, f/p - spriggan druid
Aim: a spriggan druid, wielding a +0 quarterstaff and wearing a +0 robe (heavily wounded)
You draw life force from the spriggan druid!
You feel life coursing into your body. A tree reaches out and hits you!!
A tree reaches out and hits your orange demon!!
The death yak misses you.
The spriggan druid casts a spell at you.
The stone arrow hits you!
Casting: Vampiric Draining (safe; 1% risk of failure)
Confirm with . or Enter, or press ? or * to list all spells.
Aiming: Vampiric Draining (safe; 1% risk of failure)
Press: ? - help, Shift-Dir - straight line, f/p - spriggan druid
Aim: a spriggan druid, wielding a +0 quarterstaff and wearing a +0 robe (severely wounded, ally target)
You draw life force from the spriggan druid!
You feel life coursing into your body.
You are hit by a branch!!
A root smacks your orange demon from below!!
The death yak gores you.
The spriggan druid hits you but does no damage.
Your orange demon misses the spriggan druid.
A root smacks you from below!
* * * LOW HITPOINT WARNING * * *
Your orange demon is hit by a branch!
The spriggan druid misses you.
Your orange demon closely misses the spriggan druid.
Casting: Vampiric Draining (safe; 1% risk of failure)
Confirm with . or Enter, or press ? or * to list all spells.
Aiming: Vampiric Draining (safe; 1% risk of failure)
Press: ? - help, Shift-Dir - straight line, f/p - spriggan druid
Aim: a spriggan druid, wielding a +0 quarterstaff and wearing a +0 robe (almost dead, ally target)
You draw life force from the spriggan druid!
With its final breath, the spriggan druid offers up its power to the beasts of the wild!
The death yak seems to grow more fierce.
You kill the spriggan druid!
Kikubaaqudgha accepts your kill.
The forest abruptly stops moving.
You feel life coursing into your body. The death yak gores you!!
You die...
Kikubaaqudgha rasps: "You have failed me!
Welcome... death!"

##.#..♣ . #..P #...#♣♣ ♣.
#... #..P# .. ##.. <.### § ..
♣♣ ###. .#.# ♣..♣. .♣♣ #.#.
4..# ......♣.♣ ##.. Y..###
♣....♣## #... #.Y..# ♣♣♣♣♣).#
#.=# ##.#.# ♣♣4Y@## #.##
#..########♣..### ##.##
##.....#.#.##.## ###...#
#.........##[.# ##.#).##
#..........Y..# #######.#...#
###..........## #..##...=)###
#..........## ##~.........##
##..........# ##.~[~~~~....#
#....#....######.~~~~~~~....#


You could see a death yak (strong, ally target) and a friendly orange demon
(summoned).

Vanquished Creatures
  A two-headed ogre (D:10)
  A death yak (Lair:2)
  2 spriggan druids (Lair:3)
  Pikel (D:6)
  A necromancer (Lair:3)
  An elephant (Lair:1)
  Maurice (D:7)
  A black mamba (Lair:2)
  3 cane toads
  Jeremiah (D:6)
  A kobold demonologist (D:9)
  3 komodo dragons
  A polar bear (Lair:2)
  3 trolls
  7 blink frogs
  Sigmund (D:3)
  5 wyverns
  A vampire (D:9)
  A steam dragon (D:9)
  17 yaks
  2 basilisks
  Edmund (D:4)
  A naga (Lair:3)
  9 water moccasins
  Duvessa (D:6)
  A sky beast (D:7)
  4 orc warriors
  9 black bears
  4 ogres
  2 wolves (Lair:3)
  3 centaurs
  4 kobold brigands
  A weeping skull (D:7)
  6 bullfrogs
  3 gnoll sergeants
  5 scorpions
  A burial acolyte (D:6)
  4 wights (D:8)
  Dowan (D:6)
  5 killer bees (D:8)
  4 howler monkeys
  4 bombardier beetles
  2 hounds
  2 jellies (D:6)
  4 orc priests
  A sleepcap (D:8)
  An iguana (D:5)
  7 orc wizards
  8 yak simulacra (Lair:3)
  A wolf simulacrum (Lair:3)
  Robin (D:3)
  17 gnolls
  7 adders
  3 white imps
  An ufetubus (D:7)
  An adder zombie (D:6)
  5 dart slugs
  19 orcs
  4 bats
  6 endoplasms
  A giant cockroach (D:1)
  10 goblins
  5 hobgoblins
  5 jackals
  7 quokkas
  7 ball pythons
  A frilled lizard (D:2)
  3 jackal zombies (D:6)
  25 kobolds
  4 rats
  2 river rat simulacra (Lair:3)
  A spectral orc (D:7)
289 creatures vanquished.

Vanquished Creatures (collateral kills)
  Fannar (Lair:1)
  A catoblepas (Lair:1)
  2 death yaks (Lair:3)
  Amaemon (Lair:1)
  3 elephants (Lair:1)
  3 cane toads
  An orange demon (Lair:1)
  A rime drake (Lair:1)
  A blink frog (Lair:2)
  A vampire (D:9)
  A basilisk (Lair:1)
  8 yaks
  A naga (Lair:3)
  A water moccasin (Lair:1)
  3 bullfrogs
  A gnoll sergeant (D:7)
  2 orc priests (D:9)
  An orc wizard (D:9)
  A gnoll (D:5)
  A ribbon worm (D:2)
  3 orcs
  A ball python (D:2)
  2 endoplasms (D:1)
  2 goblins
  A butterfly (Lair:2)
44 creatures vanquished.

Vanquished Creatures (others)
  A spriggan zombie (Lair:3)
  2 blink frog zombies (Lair:3)
  A rime drake zombie (Lair:1)
  3 wyvern zombies
  2 water moccasin zombies (Lair:3)
  A bullfrog zombie (Lair:2)
  A hound (D:7)
  2 naga zombies (Lair:3)
  An orc (D:7)
  4 orc zombies (D:9)
18 creatures vanquished.

Grand Total: 351 creatures vanquished

Notes
Turn   | Place    | Note
-------+----------+-------------------------------------------
     0 | D:1      | PaiMei the Demonspawn Necromancer began the quest for the
                  | Orb.
     0 | D:1      | Reached XP level 1. HP: 13/13 MP: 3/3
   315 | D:1      | Gained mutation: A weak demonic guardian rushes to your
                  | aid. [demonic ancestry]
   315 | D:1      | Reached XP level 2. HP: 15/19 MP: 0/5
   616 | D:1      | Found a faded altar of an unknown god.
   880 | D:1      | Reached XP level 3. HP: 25/25 MP: 1/6
   884 | D:1      | Learned a level 3 spell: Vampiric Draining
  1144 | D:2      | Reached skill level 1 in Fighting
  2074 | D:3      | Noticed Robin
  2103 | D:3      | Killed Robin
  2104 | D:3      | Reached XP level 4. HP: 32/32 MP: 2/7
  2463 | D:3      | Identified the +4 spear of Courage {holy, Str+2}
  2543 | D:3      | Reached skill level 5 in Necromancy
  2855 | D:3      | Found a sparkling altar of Nemelex Xobeh.
  2862 | D:3      | Noticed Sigmund
  3289 | D:4      | Gained mutation: You have large cloven feet. [demonic
                  | ancestry]
  3289 | D:4      | Reached XP level 5. HP: 38/38 MP: 7/9
  3744 | D:3      | Found a burning altar of Makhleb.
  3746 | D:3      | Noticed a cacodemon
  4660 | D:3      | Killed Sigmund
  4661 | D:3      | Gained mutation: You have hoof-like feet. [demonic
                  | ancestry]
  4661 | D:3      | Reached XP level 6. HP: 41/46 MP: 0/11
  5480 | D:4      | Noticed Edmund
  5491 | D:4      | Killed Edmund
  5737 | D:4      | Reached skill level 6 in Necromancy
  5737 | D:4      | Gained mutation: Your movements are slightly less
                  | encumbered by armour. (ER -2) [demonic ancestry]
  5737 | D:4      | Reached XP level 7. HP: 51/52 MP: 3/12
  6453 | D:5      | Entered Level 5 of the Dungeon
  6953 | D:5      | Found a snail-covered altar of Cheibriados.
  7148 | D:5      | Found a blossoming altar of Fedhas.
  7149 | D:5      | Identified the +3 short sword of Solemn Judgement {vamp,
                  | Dex+3}
  7451 | D:5      | Learned a level 4 spell: Animate Dead
  7520 | D:5      | Reached XP level 8. HP: 60/60 MP: 10/14
  8123 | D:5      | Reached skill level 7 in Necromancy
  8727 | D:6      | Reached skill level 5 in Spellcasting
  8755 | D:6      | Reached skill level 5 in Dodging
  8942 | D:6      | Noticed Pikel
  8949 | D:6      | Killed Pikel
  8950 | D:6      | Reached skill level 5 in Fighting
  9165 | D:6      | Gained mutation: A demonic guardian rushes to your aid.
                  | [demonic ancestry]
  9165 | D:6      | Reached XP level 9. HP: 68/68 MP: 9/17
  9359 | D:6      | Found a hazy altar of Hepliaklqana.
  9433 | D:6      | Found an ancient bone altar of Kikubaaqudgha.
  9441 | D:6      | Became a worshipper of Kikubaaqudgha
  9448 | D:6      | Learned a level 5 spell: Curse of Agony
  9486 | D:6      | Reached skill level 8 in Necromancy
  9640 | D:6      | Found a runed translucent door.
  9641 | D:6      | Noticed Crazy Yiuf
  9682 | D:6      | Found a runed translucent door.
  9684 | D:6      | Noticed TerraPolaris's ghost (amateur TrFi)
  9896 | D:6      | Noticed Duvessa
  9897 | D:6      | Noticed Dowan
  9908 | D:6      | Killed Duvessa
  9926 | D:6      | Killed Dowan
 10053 | D:6      | Noticed Jeremiah
 10616 | D:6      | Killed Jeremiah
 11190 | D:7      | Noticed Maurice
 11207 | D:7      | Found a staircase to the Ecumenical Temple.
 11209 | D:7      | Something stole a ring of positive energy
 11215 | D:7      | Something stole an orb of mayhem
 11219 | D:7      | Something stole a +5 spear of freezing
 11249 | D:7      | Something stole 302 gold
 11644 | D:7      | Killed Maurice
 11933 | D:7      | Found Voulung's Weapon Boutique.
 12034 | D:7      | Found a basalt altar of Yredelemnul.
 12417 | D:7      | Reached skill level 9 in Necromancy
 12840 | D:7      | Reached * piety under Kikubaaqudgha
 12840 | D:7      | Received a gift from Kikubaaqudgha
 12844 | D:7      | Gained mutation: You have hooves in place of feet. [demonic
                  | ancestry]
 12844 | D:7      | Reached XP level 10. HP: 77/79 MP: 7/20
 13454 | D:8      | Found a hide-covered altar of Uskayaw.
 14445 | D:8      | Reached ** piety under Kikubaaqudgha
 15278 | D:9      | Found a transporter.
 15292 | D:9      | Found a staircase to the Orcish Mines.
 15301 | D:9      | Noticed a rust devil
 15303 | D:9      | Reached skill level 10 in Necromancy
 15305 | D:9      | Noticed a sixfirhy
 15643 | D:9      | Found a transporter.
 16941 | D:9      | Found a transporter.
 17558 | D:10     | Entered Level 10 of the Dungeon
 17576 | D:9      | Reached XP level 11. HP: 87/87 MP: 4/23
 17989 | D:10     | Found a staircase to the Lair.
 19320 | D:10     | Found a shadowy altar of Dithmenos.
 19860 | D:10     | Noticed a two-headed ogre
 19873 | D:10     | Killed a two-headed ogre
 19874 | D:10     | Reached skill level 11 in Necromancy
 20113 | D:10     | Found an iron altar of Okawaru.
 20282 | Lair:1   | Entered Level 1 of the Lair of Beasts
 20291 | Lair:1   | Noticed a catoblepas
 20355 | Lair:1   | Killed a catoblepas
 20417 | Lair:1   | Noticed Fannar
 20632 | Lair:1   | Killed Fannar
 21310 | Lair:1   | Reached XP level 12. HP: 92/97 MP: 4/25
 21572 | Lair:1   | Found a runed translucent door.
 21581 | Lair:1   | Reached *** piety under Kikubaaqudgha
 21581 | Lair:1   | Received a gift from Kikubaaqudgha
 21630 | Lair:1   | Noticed Amaemon
 21635 | Lair:1   | Reached skill level 10 in Fighting
 21642 | Lair:1   | Killed Amaemon
 21874 | Lair:1   | Identified the +5 trident of Jemumi {flame, ^Fragile rF+
                  | Int+2 Stlth+}
 21874 | Lair:1   | Noticed newgorp's ghost (journeyman HuHW)
 22164 | Lair:1   | Learned a level 5 spell: Borgnjor's Vile Clutch
 22169 | Lair:1   | Learned a level 4 spell: Martyr's Knell
 22635 | Lair:2   | Reached skill level 12 in Necromancy
 23803 | Lair:3   | Gained mutation: Your mind is acute. (Int +4, Str/Dex -1)
                  | [potion of mutation]
 23803 | Lair:3   | Gained mutation: You are resistant to electric shocks.
                  | (rElec) [potion of mutation]
 23924 | Lair:3   | Reached skill level 10 in Spellcasting
 24164 | Lair:3   | Reached skill level 10 in Dodging
 24216 | Lair:3   | Found a staircase to the Snake Pit.
 24535 | Lair:3   | Noticed a death yak
 24537 | Lair:3   | Noticed a death yak
 24539 | Lair:3   | Noticed a death yak
 24540 | Lair:3   | Noticed a death yak
 24541 | Lair:3   | Noticed a death yak
 24545 | Lair:3   | Noticed a death yak
 25107 | Lair:3   | Killed a death yak
 25113 | Lair:3   | Killed a death yak
 25866 | Lair:2   | Killed a death yak
 26497 | Lair:3   | Reached **** piety under Kikubaaqudgha
 26677 | Lair:3   | Slain by a death yak

Illustrated notes

Levels and vault maps discovered:
D:1:      ncdulo_watergridlock, layout_basic, chequers_ecumenical_altar_lobes,
          minmay_tromino_i4
D:2:      layout_basic, grunt_ministairs_6
D:3:      layout_loops_ring, lemuel_tele_altar, makhleb_altar_promises_db,
          minmay_puff, uniq_robin, uniq_sigmund
D:4:      layout_layer_cave, serial_library_hellmonk_recessed_alcove,
          uniq_edmund
D:5:      layout_loops_corners, mainiacjoe_overflow_paths,
          fedhas_bush_and_centaur_altar, lightli_minifort
D:6:      layout_loops_ring, dreamdust_divine_triumvirate,
          lemuel_zombie_altar_kikubaaqudgha, worldfamousw_hep_ancestral_shrine,
          ebering_ghost_reflecting_pool, grunt_ministairs_12, uniq_jeremiah,
          uniq_pikel, uniq_crazy_yiuf_cottage, uniq_duvessa
D:7:      wad_woods_pond, layout_basic, yredelemnul_forgotten_temple_becter,
          temple_statues, serial_shops, nicolae_shop_back_alley_shop,
          uniq_maurice
D:8:      layout_basic, marbit_many_paths
D:9:      layout_irregular_city, david_orc_3, st_stairs_2,
          nicolae_diode_intersection
D:10:     layout_gridville, okawaru_metal_pillars_1_2,
          mainiacjoe_overflow_alcove_2, due_lair_maze_entry_diamond,
          solitary_fountain
Lair:1:   layout_cave_pods, ebering_ghost_funeral_grove, grunt_megastairs_3,
          uniq_fannar, uniq_amaemon
Lair:2:   layout_cellular_growth, minivault_26, lemuel_fruit_fields
Lair:3:   layout_cave_pods, mainiacjoe_swamp_entry_angry_trees,
          guppyfry_snake_entry_island, eino_house_with_fridge

Skill      XL: |  1  2  3  4  5  6  7  8  9 10 11 12 |
---------------+-------------------------------------+-----
Dodging        | 2 3 4 5 6 8 9 10 | 10.4
Stealth        | 2 |  2.0
Fighting       | 1 2 3 4 5 7 8 9 11 | 11.1
Necromancy     | 5 6 7 9 10 11 12 | 12.8
Spellcasting   | 3 4 5 6 8 9 10 | 10.4

Action                     |  1- 3 |  4- 6 |  7- 9 | 10-12 || total
---------------------------+-------+-------+-------+-------++-------
  Melee: Dagger            |    36 |    17 |       |       ||    53
         Short sword       |       |     6 |   154 |    95 ||   255
         Mace              |       |     6 |    70 |   198 ||   274
         Kick              |       |     3 |    10 |   153 ||   166
         Punch             |       |       |     2 |     6 ||     8
         Trident           |       |       |     9 |    46 ||    55
         Flail             |       |       |       |    18 ||    18
   Cast: Necrotise         |    78 |    75 |    99 |    86 ||   338
         Vampiric Draining |       |     6 |    86 |   211 ||   303
         Animate Dead      |       |       |     1 |     8 ||     9
         Curse of Agony    |       |       |       |    15 ||    15
  Evoke: Wand              |       |       |     6 |     3 ||     9
    Use: Potion            |       |       |     1 |     8 ||     9
         Scroll            |       |       |       |     2 ||     2
   Stab: Distracted        |       |       |     1 |       ||     1
         Sleeping          |       |       |     1 |       ||     1
 Armour: Robe              |    31 |    37 |   200 |    57 ||   325
         Troll leather arm |       |       |       |   395 ||   395
  Dodge: Dodged            |    33 |    49 |   285 |   827 ||  1194
